 Dungeon Crawl Stone Soup version 0.30-a0-305-g026cb31310 (webtiles) character file.

Game seed: 18438886460857962180

88739 Zonian the Warrior (level 16, -9/132 HPs)
             Began as a Djinni Ice Elementalist on Oct 21, 2022.
             Was a Priest of Ashenzari.
             Shot with a bolt by a yaktaur (33 damage)
             ... on level 15 of the Dungeon on Oct 22, 2022.
             The game lasted 01:31:08 (35712 turns).

Zonian the Warrior (Djinni Ice Elementalist)       Turns: 35712, Time: 01:31:09

Health: -9/132     AC: 13    Str: 15    XL:     16   Next: 41%
Gold:   2412       EV: 18    Int: 25    God:    Ashenzari [***...] SH:  5 Dex: 17

rFire   + + +      SeeInvis +    m - +7 Throatcutter {drain, coup de grace, Self, Cun} (curse)
rCold   . . .      Faith    .    (no shield)
rNeg    . . .      Spirit   .    E - +7 leather armour of the Profound Planets {rF++ Str+4, Evo, Melee} (curse)
rPois   ∞          Reflect  +    I - +2 helmet "Overhang to Understand" {SInv, Self, Melee} (curse)
rElec   .          Harm     .    (no cloak)
rCorr   .          Rampage  .    (no gloves)
Will    ++...      Clarity  +    (boots unavailable)
Stlth   ++++......               N - amulet "Share My Omission" {Reflect SH+5, Evo, Cun} (curse)
HPRegen 0.42/turn                Q - ring of Zeit {rC+ Int+3}
MPRegen 0.00/turn                x - ring "Restrained Sybil" {Wiz Will+ Str+4, Evo, Melee} (curse)

@: flying
A: sickness immunity, fire resistance 2, cold vulnerability 1, float, innate
caster, HP casting, extra vitality 1
a: Renounce Religion, Curse Item, Shatter the Chains


You were on level 15 of the Dungeon.
You worshipped Ashenzari.
Ashenzari was most pleased with you.
You visited 3 branches of the dungeon, and saw 21 of its levels.
You also visited: Bailey.

You collected 2412 gold pieces.

Inventory:

Hand Weapons
 b - a +0 sling
 g - a +0 dagger
 j - a +3 spear
 m - the cursed +7 Throatcutter (weapon) {drain, coup de grace, Self, Cun}
   (You found it on level 2 of the Dungeon)

   A truly terrible weapon, it drains the life of any living foe it strikes.
   It may instantly kill foes which have little health.
   It has a curse which improves the following skills: Introspection: Fighting
   and Spellcasting.
   Cunning:   Dodging and Stealth.
 r - the +7 dagger "Lotuome" {venom, rF+ Int+3}
   (You found it on level 2 of the Lair of Beasts)

   It poisons the flesh of those it strikes.
   Int:       It affects your intelligence (+3).
   rF:        It protects you from fire.
Missiles
 t - 30 poisoned darts
 v - 7 curare-tipped darts
 w - 9 boomerangs
 J - 6 atropa-tipped darts
 U - a throwing net
 W - 5 javelins
Armour
 a - a +1 robe
 e - a +1 cloak
 f - a +0 leather armour
 s - a +1 robe of willpower
 E - the cursed +7 leather armour of the Profound Planets (worn) {rF++ Str+4, Evo, Melee}
   (You found it on level 7 of the Dungeon)

   Str:       It affects your strength (+4).
   rF:        It greatly protects you from fire.
   It has a curse which improves the following skills: Evocations: Evocations.
   Melee Combat: Short Blades, Long Blades, Axes, Maces & Flails, Polearms,
   Staves and Unarmed Combat.
 I - the cursed +2 helmet "Overhang to Understand" (worn) {SInv, Self, Melee}
   (You found it on level 1 of the Lair of Beasts)

   It has a curse which improves the following skills: Introspection: Fighting
   and Spellcasting.
   Melee Combat: Short Blades, Long Blades, Axes, Maces & Flails, Polearms,
   Staves and Unarmed Combat.
Jewellery
 o - a ring of willpower
 x - the cursed ring "Restrained Sybil" (right hand) {Wiz Will+ Str+4, Evo, Melee}
   (You acquired it on level 7 of the Dungeon)

   [ring of wizardry]

   It improves your spell success rate.
   Str:       It affects your strength (+4).
   Will:      It increases your willpower.
   It has a curse which improves the following skills: Evocations: Evocations.
   Melee Combat: Short Blades, Long Blades, Axes, Maces & Flails, Polearms,
   Staves and Unarmed Combat.
 A - a +6 ring of intelligence
 M - a ring of positive energy
 N - the cursed amulet "Share My Omission" (around neck) {Reflect SH+5, Evo, Cun}
   (You found it on level 9 of the Dungeon)

   [amulet of reflection]

   It reflects blocked missile attacks.
   SH:        It affects your SH (+5).
   It has a curse which improves the following skills: Evocations: Evocations.
   Cunning:   Dodging and Stealth.
 P - a ring of resist corrosion
 Q - the ring of Zeit (left hand) {rC+ Int+3}
   (You found it on level 5 of the Lair of Beasts)

   [ring of protection from cold]

   Int:       It affects your intelligence (+3).
   rC:        It protects you from cold.
 R - a ring of fire
 V - a +4 ring of evasion
Wands
 d - a wand of paralysis (5)
 n - a wand of flame (23)
 y - a wand of digging (3)
 D - a wand of iceblast (10)
 G - a wand of polymorph (5)
Scrolls
 c - 3 scrolls of butterflies
 i - 8 scrolls of enchant armour
 k - 3 scrolls of amnesia
 p - 5 scrolls of enchant weapon
 u - 4 scrolls of poison
 K - 2 scrolls of summoning
 L - 4 scrolls of fear
 S - a scroll of magic mapping
Potions
 h - a potion of might
 l - 2 potions of cancellation
 q - 3 potions of ambrosia
 B - 3 potions of haste
 C - 5 potions of berserk rage
 F - 2 potions of lignification
 H - 4 potions of brilliance
 O - 2 potions of curing
 X - 2 potions of invisibility
 Y - a potion of heal wounds
 Z - a potion of resistance
Miscellaneous
 z - a lightning rod (4/4)


   Skills:
 + Level 16.0(18.3) Fighting
 - Level 10.3(13.5) Long Blades
 + Level 8.8(11.3) Dodging
 + Level 7.2(9.7) Stealth
 + Level 13.3(15.7) Spellcasting
 - Level 4.9(8.0) Evocations


You had 9 spell levels left.
You knew the following spells:

 Your Spells              Type           Power      Damage    Failure   Level
a - Freeze                Ice            100%       1d10      0%          1
b - Frozen Ramparts       Ice            100%       1d16      0%          3
c - Ozocubu's Armour      Ice            78%        N/A       0%          3
d - Summon Ice Beast      Ice/Summ       78%        N/A       1%          4
e - Kiss of Death         Conj/Necr      100%       2d13      0%          1
f - Call Imp              Summ           78%        N/A       0%          2
g - Vampiric Draining     Necr           78%        2d11      0%          3
h - Sticky Flame          Conj/Fire      78%        2d9       1%          4
i - Blade Hands           Tmut           39%        N/A       1%          5
j - Agony                 Necr           78%        N/A       1%          5
k - Summon Cactus Giant   Summ           39%        N/A       1%          6
Your spell library was empty.

Dungeon Overview and Level Annotations

Branches:
Dungeon (15/15)            Temple (1/1) D:4            Lair (5/5) D:8
 Shoals (0/4) Lair:3        Snake (0/4) Lair:2        Slime (0/5) Lair:5
    Orc (0/2) D:12         Vaults (0/5) D:14         Depths (0/4) D:15
 Bailey (visited)

Altars:
Ashenzari
Cheibriados
Dithmenos
Elyvilon
Fedhas
Gozag
Hepliaklqana
Makhleb
Nemelex Xobeh
Okawaru
Qazlal
Ru
Trog
Uskayaw
Wu Jian
Xom
Yredelemnul
Zin
The Shining One

Shops:
D:4 (   D:8 (

Annotations:
D:10 3 runed translucent doors
D:14 Roxanne
Lair:2 exclusion: oklob plant
Lair:3 exclusion: 4 oklob plants


Innate Abilities, Weirdness & Mutations

You are immune to sickness and miasma.
You are immune to poison.
Your flesh is very heat resistant. (rF++)
You are vulnerable to cold. (rC-)
You float through the air rather than walking.
You learn spells naturally, not from books.
Your magical power is your life essence.
You have superior vitality. (+4 MHP)


Message History

Unknown command.
A yaktaur comes into view.
A yaktaur comes into view.
There is an open door here.
A yaktaur comes into view.
The yaktaur shouts! x4; You hear a shout! x2
The yaktaur wields a +0 arbalest.
The yaktaur shoots a bolt.
The bolt hits you but does no damage.
The yaktaur wields a +0 arbalest.
The yaktaur shoots a bolt.
The bolt hits you!
A two-headed ogre comes into view. It is wielding two +0 giant clubs.
A cyclops and an ogre come into view.
The yaktaur wields a +0 arbalest.
The yaktaur shoots a bolt.
The bolt barely misses you.
The yaktaur wields a +0 arbalest.
The yaktaur shoots a bolt.
The bolt barely misses you.
The yaktaur shoots a bolt.
The bolt hits you!
The two-headed ogre shouts in stereo!
The cyclops shouts!
An ogre comes into view. It is wielding a +0 giant club. x2
The yaktaur shoots a bolt.
The bolt hits you.
The yaktaur shoots a bolt.
The bolt misses you.
The ogre shouts!
An ogre mage comes into view. It is wielding a +0 flail.
The yaktaur unwields a +0 arbalest.
The yaktaur hits you.
The yaktaur unwields a +0 arbalest.
The yaktaur misses you.
You slash the yaktaur!
The yaktaur is heavily wounded.
Unknown command.
The yaktaur attacks as you move away!
The yaktaur unwields a +0 arbalest.
You block the yaktaur's attack.
The yaktaur shoots a bolt.
You reflect the bolt off an invisible shield around you!
The bolt hits the yaktaur!!
The yaktaur wields a +0 arbalest.
The yaktaur shoots a bolt.
The bolt hits you!!
The yaktaur wields a +0 arbalest.
The yaktaur shoots a bolt.
The bolt hits you!
The yaktaur shoots a bolt.
The bolt hits you!!
The yaktaur wields a +0 arbalest.
The yaktaur shoots a bolt.
You reflect the bolt off an invisible shield around you!
The bolt hits the yaktaur!!
The yaktaur shoots a bolt.
The bolt hits you!!
* * * LOW HITPOINT WARNING * * *
The yaktaur shoots a bolt.
The bolt barely misses you.
The yaktaur shoots a bolt.
The bolt hits you!!
You die...

# ###########...~~.# #)# #. #
#.........#..~≈..# #.# #. #
##.........#..≈≈..# #.# #. # ,
.....~.....#.~~≈~.# #.# #. #
.....O~≈...#..~~..# #.#### # *,
....~C≈~...#..~~..####.#... #
***#.OO.cc...#........##.#.##
########...Oc....####.....##.#.#
.............c..@'.............#
########.....O...####.....##.####
#####################............
...................##.######.####
..########....####.##.# #.#
#....,..##....# #.##.######.#
##..###.##....# #.#.......#.#
##..###.##....# #.#..####.#.#
.........#....# #.#..# #.#.#


You could see a two-headed ogre, an ogre mage, a cyclops, 4 yaktaurs and 3
ogres.

Vanquished Creatures
  Jorgrun (D:14)
  A storm dragon (D:12)
  An ironbound preserver (D:14)
  A stone giant (D:15)
  Nessos (D:13)
  A fire dragon (D:12)
  A yaktaur captain (D:12)
  4 hydras
  4 centaur warriors
  2 catoblepae (Lair:5)
  Erica (D:11)
  An ogre mage (D:15)
  4 two-headed ogres
  3 death yaks (Lair:2)
  4 tengu warriors (D:15)
  3 boulder beetles
  Sonja (Lair:2)
  Urug (D:10)
  A goliath frog (Lair:5)
  Amaemon (Lair:2)
  A skeletal warrior (D:15)
  A flayed ghost (D:12)
  Pikel (D:5)
  2 deep elf pyromancers
  An orc knight (D:12)
  2 manticores
  An oklob plant (Lair:5)
  3 ugly things
  4 cyclopes
  13 elephants
  A black mamba (shapeshifter) (D:15)
  2 black mambas
  An orange demon (Lair:2)
  An ice statue (D:10)
  A gargoyle (D:14)
  A yaktaur (D:12)
  15 cane toads
  An efreet (D:15)
  An unseen horror (D:13)
  6 rime drakes
  2 komodo dragons
  A tengu conjurer (D:12)
  A polar bear (Lair:3)
  6 trolls
  A queen bee (Lair:3)
  3 meliai (D:15)
  3 tyrant leeches (Lair:5)
  2 hornets
  39 blink frogs
  13 slime creatures
  17 dream sheep
  A centaur simulacrum (D:15)
  A water elemental (D:11)
  Eustachio (D:5)
  2 vampires
  39 yaks
  A wraith (D:11)
  A basilisk (shapeshifter) (D:15)
  8 wyverns
  A golden eye (shapeshifter) (D:13)
  4 basilisks
  3 steam dragons
  12 vampire mosquitoes
  3 acid dragons
  16 water moccasins
  Duvessa (D:5)
  2 black bears (D:7)
  16 orc warriors
  3 ogres (D:15)
  A sky beast (D:6)
  A black bear (shapeshifter) (D:14)
  A boggart (D:12)
  18 wolves
  2 phantoms (D:6)
  26 centaurs
  Blork the orc (D:5)
  A kobold brigand (D:9)
  2 necrophages
  A gnoll sergeant (D:11)
  13 bullfrogs
  3 scorpions
  Dowan (D:5)
  39 killer bees
  15 wights
  A howler monkey (D:7)
  8 electric eels
  A gnoll bouda (D:9)
  3 hounds
  A jelly (D:6)
  4 orc priests
  5 iguanas
  13 hell rats
  13 orc wizards
  20 gnolls
  11 adders
  A shadow imp (D:6)
  A white imp (D:7)
  2 worms (D:3)
  2 dart slugs (D:2)
  46 orcs
  5 ball pythons
  6 endoplasms
  7 giant cockroaches
  21 goblins
  17 hobgoblins
  6 jackals
  8 kobolds
  2 quokkas (D:1)
  9 bats
  4 frilled lizards
  3 rats
644 creatures vanquished.

Vanquished Creatures (collateral kills)
  Snorg (D:11)
  A hydra (Lair:5)
  A centaur warrior (D:12)
  A catoblepas (Lair:5)
  A deep troll earth mage (D:12)
  A manticore (D:11)
  A cane toad (Lair:5)
  A komodo dragon (D:12)
  A rime drake (Lair:2)
  A dream sheep (Lair:5)
  2 blink frogs (Lair:5)
  A vampire (D:14)
  3 yaks (D:11)
  A phantom (D:4)
  A howler monkey (D:11)
  2 gnolls (D:11)
  A goblin (D:4)
21 creatures vanquished.

Vanquished Creatures (others)
  A wizard (D:9)
  19 fungi
  116 plants
136 creatures vanquished.

Grand Total: 801 creatures vanquished

Notes
Turn   | Place    | Note
-------+----------+-------------------------------------------
     0 | D:1      | Zonian the Djinni Ice Elementalist began the quest for the
                  | Orb.
     0 | D:1      | Zonian set off with the following spells memorised: Freeze,
                  | Frozen Ramparts, Ozocubu's Armour, Summon Ice Beast.
     0 | D:1      | Reached XP level 1. HP: 15/15 MP: 0/0
    83 | D:1      | Reached XP level 2. HP: 17/21 MP: 0/0
   447 | D:1      | Reached XP level 3. HP: 22/25 MP: 0/0
   447 | D:1      | Learned a level 1 spell: Kiss of Death
   466 | D:1      | Found a faded altar of an unknown god.
  1375 | D:2      | Reached XP level 4. HP: 31/31 MP: 0/0
  1421 | D:2      | Found the +7 Throatcutter {drain, coup de grace}
  3217 | D:3      | Reached XP level 5. HP: 35/35 MP: 0/0
  3217 | D:3      | Learned a level 2 spell: Call Imp
  3943 | D:4      | Found a staircase to the Ecumenical Temple.
  3952 | Temple   | Entered the Ecumenical Temple
  4010 | Temple   | Became a worshipper of Ashenzari the Shackled
  4100 | D:4      | Noticed a phantom
  4107 | D:4      | Killed a phantom
  4108 | D:4      | Reached skill level 1 in Long Blades
  4177 | D:4      | Found Keypris's Weapon Boutique.
  4232 | D:4      | Reached XP level 6. HP: 40/40 MP: 0/0
  4237 | D:4      | Identified a scroll of acquirement
  4237 | D:4      | Acquired 913 gold pieces
  6197 | D:5      | Entered Level 5 of the Dungeon
  6215 | D:5      | Reached XP level 7. HP: 45/45 MP: 0/0
  6215 | D:5      | Learned a level 3 spell: Vampiric Draining
  6231 | D:5      | Found a shadowy altar of Dithmenos.
  6287 | D:5      | Noticed Eustachio
  6415 | D:5      | Noticed a water moccasin
  6426 | D:5      | Killed a water moccasin
  6636 | D:5      | Noticed Duvessa
  6640 | D:5      | Noticed Dowan
  6655 | D:5      | Killed Duvessa
  6656 | D:5      | Reached skill level 1 in Fighting
  6656 | D:5      | Reached XP level 8. HP: 26/50 MP: 0/0
  6901 | D:5      | Killed Dowan
  7070 | D:5      | Reached skill level 2 in Fighting
  7282 | D:5      | Noticed Pikel
  7437 | D:5      | Killed Pikel
  7438 | D:5      | Reached skill level 3 in Fighting
  7438 | D:5      | Reached skill level 5 in Spellcasting
  7988 | D:5      | Noticed Blork the orc
  8022 | D:5      | Killed Blork the orc
  8023 | D:5      | Reached XP level 9. HP: 46/62 MP: 0/0
  8023 | D:5      | Learned a level 4 spell: Sticky Flame
  8147 | D:5      | Killed Eustachio
  8148 | D:5      | Reached skill level 4 in Fighting
  8373 | D:6      | Reached skill level 5 in Long Blades
  8684 | D:6      | Found a burning altar of Makhleb.
  8825 | D:6      | Identified the +4 short sword of the Wraith {vorpal, Contam
                  | Str+4 Int+8}
  8929 | D:6      | Reached * piety under Ashenzari
  9318 | D:7      | Reached skill level 5 in Fighting
  9567 | D:7      | Found a flagged portal.
  9772 | Bailey   | Entered a bailey
  9850 | Bailey   | Reached XP level 10. HP: 44/73 MP: 0/0
 10067 | Bailey   | Reached skill level 6 in Fighting
 11001 | Bailey   | Noticed an orc warlord
 11037 | D:7      | Acquired the ring of Fiphagud {Wiz Will+ Str+4}
 11040 | D:7      | Reached ** piety under Ashenzari
 11274 | D:7      | Reached skill level 7 in Fighting
 11589 | D:7      | Identified the +7 leather armour of Defiance {rF++ Str+4}
 11642 | D:7      | Reached *** piety under Ashenzari
 11903 | D:8      | Noticed a two-headed ogre
 11906 | D:8      | Killed a two-headed ogre
 11925 | D:8      | Found Gouzxaow's Antique Weapon Shoppe.
 12030 | D:8      | Found a staircase to the Lair.
 12230 | D:8      | Found a stormy altar of Qazlal.
 12281 | D:8      | Reached XP level 11. HP: 60/84 MP: 0/0
 12281 | D:8      | Learned a level 5 spell: Blade Hands
 12985 | Lair:1   | Entered Level 1 of the Lair of Beasts
 13026 | Lair:1   | Reached skill level 8 in Fighting
 13992 | Lair:1   | Reached skill level 9 in Fighting
 14554 | Lair:2   | Noticed Sonja
 14556 | Lair:2   | Noticed Amaemon
 14566 | Lair:2   | Noticed a death yak
 14566 | Lair:2   | Noticed a death yak
 14569 | Lair:2   | Noticed a death yak
 14938 | Lair:2   | Noticed an oklob plant
 14984 | Lair:2   | Reached XP level 12. HP: 93/93 MP: 0/0
 15063 | Lair:2   | Killed Sonja
 15129 | Lair:2   | Found a staircase to the Snake Pit.
 15144 | Lair:2   | Found a frozen archway.
 15187 | Lair:2   | Killed Amaemon
 15188 | Lair:2   | Reached skill level 10 in Fighting
 15440 | Lair:2   | Identified the +7 dagger "Lotuome" {venom, rF+ Int+3}
 16181 | Lair:2   | Reached skill level 5 in Dodging
 16252 | Lair:2   | Killed a death yak
 16381 | Lair:2   | Killed a death yak
 16459 | Lair:2   | Killed a death yak
 16894 | Lair:3   | Reached skill level 5 in Stealth
 17368 | Lair:3   | Found a staircase to the Shoals.
 17832 | Lair:3   | Reached XP level 13. HP: 93/101 MP: 0/0
 17832 | Lair:3   | Learned a level 5 spell: Agony
 17874 | Lair:3   | Reached skill level 11 in Fighting
 17985 | Lair:3   | Reached skill level 10 in Spellcasting
 18613 | Lair:3   | Reached skill level 12 in Fighting
 18814 | Lair:3   | Identified the amulet of the Eight Visionaries {Spirit
                  | Str+6 Int-3 Dex+4}
 21311 | Lair:5   | Entered Level 5 of the Lair of Beasts
 21311 | Lair:5   | Found a shimmering altar of Xom.
 21393 | Lair:4   | Reached XP level 14. HP: 74/114 MP: 0/0
 22391 | Lair:5   | Reached skill level 13 in Fighting
 22565 | Lair:5   | Reached skill level 10 in Long Blades
 23017 | Lair:5   | Found a staircase to the Slime Pits.
 23116 | Lair:5   | Identified the ring of Zeit {rC+ Int+3}
 23794 | Lair:5   | Reached skill level 14 in Fighting
 24635 | D:9      | Found a bloodstained altar of Trog.
 24700 | D:9      | Identified Oruutagh's Quarto of Transmutation and the Dead
                  | (You found it on level 3 of the Dungeon)
 25207 | D:10     | Entered Level 10 of the Dungeon
 25372 | D:10     | Found a runed translucent door.
 25394 | D:10     | Found a runed translucent door.
 25408 | D:10     | Found a runed translucent door.
 25418 | D:10     | Found a runed translucent door.
 25609 | D:10     | Noticed Urug
 25618 | D:10     | Killed Urug
 25619 | D:10     | Reached XP level 15. HP: 108/124 MP: 0/0
 25619 | D:10     | Learned a level 6 spell: Summon Cactus Giant
 25995 | D:10     | Identified the +3 leather armour "Tyskiv" {rPois rC++
                  | Dex-5}
 26382 | D:10     | Found a hide-covered altar of Uskayaw.
 26382 | D:10     | Found an ornate altar of the Wu Jian Council.
 26646 | D:11     | Noticed Erica
 26649 | D:11     | Noticed Snorg
 26663 | D:11     | Killed Snorg
 26668 | D:11     | Killed Erica
 27632 | D:12     | Reached skill level 15 in Fighting
 27839 | D:12     | Noticed a storm dragon
 28224 | D:12     | HP: 6/124 [deep troll earth mage (7)]
 28737 | D:12     | Reached skill level 1 in Evocations
 29126 | D:12     | Found a staircase to the Orcish Mines.
 29341 | D:12     | Killed a storm dragon
 30652 | D:13     | Noticed Nessos
 30668 | D:13     | Killed Nessos
 31317 | D:14     | Found a stormy altar of Qazlal.
 31475 | D:14     | Found a gate to the Vaults.
 31475 | D:14     | Noticed an ironbound preserver
 31491 | D:14     | Killed an ironbound preserver
 31610 | D:14     | Reached XP level 16. HP: 57/132 MP: 0/0
 31944 | D:14     | Noticed Jorgrun
 31955 | D:14     | Killed Jorgrun
 32219 | D:14     | Identified Roxanne's Precepts of Terra Firma
 32219 | D:14     | Noticed Roxanne
 33522 | D:15     | Entered Level 15 of the Dungeon
 34941 | D:15     | Found a staircase to the Depths.
 34953 | D:15     | Reached skill level 16 in Fighting
 35712 | D:15     | Shot with a bolt by a yaktaur

Illustrated notes

Levels and vault maps discovered:
D:1:      minmay_arrival_three_doors, layout_basic,
          hellmonk_ecumenical_altar_prayer_group, chequers_serial_rivers_room_b
D:2:      layout_basic, minmay_tall_x
D:3:      layout_basic
D:4:      layout_cave_pods, minmay_temple_entry_overgrown, serial_shops, shop
D:5:      minmay_recursive_quarters, layout_cave_pools, kennysheep_mini_moat,
          uniq_duvessa, uniq_blork_the_orc, uniq_eustachio, uniq_pikel
D:6:      layout_loops_ring, makhleb_heckhound_becter, fiery_altar_vehumet,
          serial_park_tiny_1, dk_noncrumbling_4, chequers_serial_rivers_small_b,
          chequers_serial_rivers_large_a
D:7:      layout_basic, enter_bailey_3, dk_noncrumbling_3
D:8:      layout_loops_ring, mainiacjoe_overflow_catwalk_spiral,
          lair_entry_dummy, minmay_shop_grid_forest
D:9:      layout_basic, trog_wizard
D:10:     layout_basic, gammafunk_temple_overflow_wave,
          minmay_statue_crystal_thing, uniq_urug
D:11:     layout_cave_pools, serial_bayou_lake_a, uniq_snorg, uniq_erica
D:12:     minmay_octo_star, layout_basic, david_orc_4
D:13:     layout_loops_cross, chequers_avenue, uniq_nessos
D:14:     layout_long_grid, skrybe_vaults_entry_preservation,
          nicolae_qazlal_eye_of_the_storm, uniq_jorgrun, uniq_roxanne
D:15:     grunt_enter_depths_snipers, layout_basic, minmay_misc_feat_encased
Temple:   zaba_magenta_temple
Lair:1:   layout_big_grid, chequers_serial_rivers_marsh
Lair:2:   layout_cave_shapes, dummy_snake_entry, portal_ice_cave_rime,
          minivault_25, serial_bayou_shore_a, uniq_amaemon, uniq_sonja
Lair:3:   hangedman_what_comes_after_a, layout_hall_layers,
          minmay_shoals_entry_centaurs, gauntlet_entry_generic,
          grunt_megastairs_4, infiniplex_staircase_pool
Lair:4:   layout_layer_cave
Lair:5:   minmay_lair_end_frog_pond, layout_cave_pods, slime_entry_1,
          lemuel_oklob_altar, serial_bayou_shore_b

Skill      XL: |  1  2  3  4  5  6  7  8  9 10 11 12 13 14 15 16 |
---------------+-------------------------------------------------+-----
Stealth        | 2 3 4 5 6 7 |  7.2
Dodging        | 3 4 6 8 |  8.8
Long Blades    | 1 2 3 4 6 7 9 10 | 10.3
Spellcasting   | 4 5 6 7 8 9 11 12 13 | 13.3
Fighting       | 1 3 5 7 9 10 12 14 15 16 | 16.0
Evocations     | 3 4 |  4.9

Action                   |  1- 3 |  4- 6 |  7- 9 | 10-12 | 13-15 | 16-18 || total
-------------------------+-------+-------+-------+-------+-------+-------++-------
Melee: Unarmed           |     6 |       |       |       |     4 |       ||    10
       Spear             |    47 |     4 |       |       |       |       ||    51
       Dagger            |     2 |       |       |       |       |       ||     2
       Long sword        |       |    88 |   141 |   305 |   895 |   171 ||  1600
       Punch             |       |       |       |    10 |    18 |     4 ||    32
Throw: Boomerang         |       |       |       |       |     1 |       ||     1
 Cast: Freeze            |    28 |    16 |       |       |       |       ||    44
       Call Imp          |       |     2 |     5 |     5 |     3 |       ||    15
       Frozen Ramparts   |       |     3 |    10 |    15 |    24 |     2 ||    54
       Kiss of Death     |       |       |     1 |       |       |       ||     1
       Ozocubu's Armour  |       |       |     1 |     1 |     3 |       ||     5
       Vampiric Draining |       |       |       |     4 |    16 |     3 ||    23
       Summon Ice Beast  |       |       |       |     7 |    11 |     3 ||    21
       Blade Hands       |       |       |       |     1 |     1 |       ||     2
       Sticky Flame      |       |       |       |       |    36 |       ||    36
       Agony             |       |       |       |       |     6 |       ||     6
       Summon Cactus Gia |       |       |       |       |     6 |     3 ||     9
Invok: Curse Item        |       |       |     2 |     2 |     3 |       ||     7
       Shatter the Chain |       |       |       |     1 |     1 |       ||     2
Evoke: Wand              |       |       |       |     7 |    15 |       ||    22
       Lightning rod     |       |       |       |       |     1 |       ||     1
  Use: Scroll            |       |    12 |     5 |     3 |     1 |     2 ||    23
       Potion            |       |     5 |     2 |     3 |     8 |     4 ||    22
 Stab: Sleeping          |     3 |     4 |     7 |     6 |    11 |     4 ||    35
       Invisible         |       |     1 |       |       |       |       ||     1
       Distracted        |       |       |     1 |       |     3 |       ||     4
       Petrified         |       |       |       |       |     5 |       ||     5
       Petrifying        |       |       |       |       |     1 |       ||     1
Armor: Robe              |    12 |    30 |    11 |    10 |       |       ||    63
       Leather armour    |       |     4 |    15 |   123 |   371 |    39 ||   552
Dodge: Dodged            |    32 |    82 |   110 |   237 |   816 |   123 ||  1400
Block: Other             |       |       |       |       |   104 |    41 ||   145
       Reflection        |       |       |       |       |     7 |     4 ||    11

Table legend: (Time is in decaauts)
 A = Elapsed time spent in this place.
 B = Non-inter-level travel time spent in this place.
 C = Inter-level travel time spent in this place.
 D = Time resting spent in this place.
 E = Time spent auto-exploring this place.
 F = Levels seen in this place.
 G = Mean time per level.
                   A        B        C        D        E       F      G
               +--------+--------+--------+--------+--------+-----+--------+
         Total |  35436 |  34239 |   1197 |  14569 |  13066 |  22 | 1610.7 |
       Dungeon |  22814 |  22134 |    680 |   8682 |   9725 |  15 | 1520.9 |
        Temple |     75 |     58 |     17 |      0 |     50 |   1 |   75.0 |
          Lair |  11303 |  10803 |    500 |   4984 |   3168 |   5 | 2260.6 |
        Bailey |   1243 |   1243 |      0 |    903 |    123 |   1 | 1243.0 |
               +--------+--------+--------+--------+--------+-----+--------+

Top non-repeatable levels by time:
  Lair:2: 2662 daAuts
    D:12: 2640 daAuts
  Lair:3: 2583 daAuts
    D:14: 2301 daAuts
     D:4: 2263 daAuts
    D:15: 2161 daAuts
  Lair:1: 2044 daAuts
  Lair:4: 2027 daAuts
  Lair:5: 1985 daAuts
     D:5: 1849 daAuts
     D:3: 1464 daAuts
     D:2: 1425 daAuts
     D:7: 1348 daAuts
     D:1: 1285 daAuts
  Bailey: 1243 daAuts
